| TOP OF THE 1ST |
|
Winston-Salem Spirits batting - Pitching for Lynchburg Hillcats : RHP Duane Ware
|
|
Pitching: RHP Duane Ware
|
|
|
Batting: SHB Mark Wiesler
|
0-0: Foul Ball, location: 2F 0-1: Swinging Strike 0-2: Foul Ball, location: 2F 0-2: Ball 1-2: Ball 2-2: Foul Ball, location: 2F 2-2: Ball 3-2: Foul Ball, location: 2F 3-2: Fly out, F9 (Flyball, 9S, EV 74.4 MPH)
|
|
Batting: RHB Angelo Ross
|
0-0: Ball 1-0: Ball 2-0: Fly out, F8 (Line Drive, 8LD, EV 91.9 MPH)
|
|
Batting: RHB Craig Robinson
|
0-0: DOUBLE (Line Drive, 8RD, EV 103.8 MPH)
|
|
Batting: RHB Elijah Ben
|
0-0: Ball 1-0: Called Strike 1-1: Swinging Strike 1-2: Foul Ball, location: 2F 1-2: Ball 2-2: Ball 3-2: Ground out 1-3 (Groundball, 15S, EV 67.5 MPH)
|
| Top of the 1st over - 0 runs, 1 hit, 0 errors, 1 left on base; Winston-Salem 0 - Lynchburg 0 |
| BOTTOM OF THE 1ST |
|
Lynchburg Hillcats batting - Pitching for Winston-Salem Spirits : LHP Chuck Hensley
|
|
Pitching: LHP Chuck Hensley
|
|
|
Batting: RHB Ronald Lee
|
0-0: Ball 1-0: Called Strike 1-1: Fly out, F9 (Line Drive, 9S, EV 91.9 MPH)
|
|
Batting: RHB Russ Quetti
|
0-0: Foul Ball, location: 2F 0-1: Ball 1-1: SINGLE (Groundball, 34S, EV 95.0 MPH)
|
|
Batting: RHB William Lajoie
|
0-0: Fly out, F8 (Flyball, 8RS, EV 80.6 MPH)
|
|
Batting: RHB Richard Witt
|
0-0: Foul Ball, location: 2F 0-1: Ball 1-1: Swinging Strike 1-2: Ball 2-2: Ball 3-2: Base on Balls Russ Quetti to second
|
|
Batting: RHB Kenneth Tillman
|
0-0: Called Strike 0-1: Ball 1-1: Swinging Strike 1-2: Ball 2-2: Strikes out swinging
|
| Bottom of the 1st over - 0 runs, 1 hit, 0 errors, 2 left on base; Winston-Salem 0 - Lynchburg 0 |
| TOP OF THE 2ND |
|
Winston-Salem Spirits batting - Pitching for Lynchburg Hillcats : RHP Duane Ware
|
|
Batting: LHB Jerome Coleman
|
0-0: Foul Ball, location: 2F 0-1: Ground out 4-3 (Groundball, 4MS, EV 89.4 MPH)
|
|
Batting: RHB Greg Olson
|
0-0: Ball 1-0: Foul Ball, location: 2F 1-1: Ball 2-1: SINGLE (Line Drive, 9S, EV 92.5 MPH)
|
|
Batting: RHB Larry Reasonover
|
0-0: Ball 1-0: Ball 2-0: Called Strike 2-1: Foul Ball, location: 2F 2-2: Strikes out looking
|
|
Batting: RHB James Poff
|
0-0: Swinging Strike 0-1: Foul Ball, location: 2F 0-2: Strikes out swinging
|
| Top of the 2nd over - 0 runs, 1 hit, 0 errors, 1 left on base; Winston-Salem 0 - Lynchburg 0 |
| BOTTOM OF THE 2ND |
|
Lynchburg Hillcats batting - Pitching for Winston-Salem Spirits : LHP Chuck Hensley
|
|
Batting: LHB Eb MacDonald
|
0-0: Ball 1-0: Ball 2-0: Called Strike 2-1: Called Strike 2-2: Ball 3-2: Reached on error, E4 (Groundball, 4, EV 83.8 MPH)
|
|
Batting: RHB Frederic Wade
|
0-0: Ball 1-0: Ball 2-0: Called Strike 2-1: Called Strike 2-2: Foul Ball, location: 2F 2-2: Ball 3-2: Fly out, F5 (Flyball, 5D, EV 90.6 MPH)
|
|
Batting: LHB Harold Warner
|
0-0: Foul Ball, location: 2F 0-1: Swinging Strike 0-2: Ball 1-2: Ball 2-2: Foul Ball, location: 2F 2-2: Ball 3-2: Base on Balls Eb MacDonald to second
|
|
Batting: RHB Felix Estrada
|
0-0: Ball 1-0: Foul Ball, location: 2F 1-1: Swinging Strike 1-2: Fly out, F8 (Flyball, 8RD, EV 86.9 MPH)
|
|
Batting: RHB Ronald Lee
|
0-0: Ball 1-0: Swinging Strike 1-1: Called Strike 1-2: Ball 2-2: Ball 3-2: Strikes out swinging
|
| Bottom of the 2nd over - 0 runs, 0 hits, 1 error, 2 left on base; Winston-Salem 0 - Lynchburg 0 |
| TOP OF THE 3RD |
|
Winston-Salem Spirits batting - Pitching for Lynchburg Hillcats : RHP Duane Ware
|
|
Batting: RHB Ell Roberson
|
0-0: Foul Ball, location: 2F 0-1: SINGLE (Line Drive, 4M, EV 103.1 MPH)
|
|
Batting: SHB Mark Wiesler
|
0-0: Ball 1-0: Ball Ell Roberson is caught stealing 2nd base 2-6 2-0: Called Strike 2-1: Foul Ball, location: 2F 2-2: Ground out 6-3 (Groundball, 6, EV 102.5 MPH)
|
|
Batting: RHB Angelo Ross
|
0-0: Called Strike 0-1: Fly out, F6 (Flyball, 6D, EV 83.8 MPH)
|
| Top of the 3rd over - 0 runs, 1 hit, 0 errors, 0 left on base; Winston-Salem 0 - Lynchburg 0 |
| BOTTOM OF THE 3RD |
|
Lynchburg Hillcats batting - Pitching for Winston-Salem Spirits : LHP Chuck Hensley
|
|
Batting: RHB Russ Quetti
|
0-0: Ball 1-0: Swinging Strike 1-1: Called Strike 1-2: Fly out, F7 (Flyball, 78D, EV 78.1 MPH)
|
|
Batting: RHB William Lajoie
|
0-0: Foul Ball, location: 2F 0-1: Ball 1-1: Called Strike 1-2: Ground out 5-3 (Groundball, 56, EV 84.4 MPH)
|
|
Batting: RHB Richard Witt
|
0-0: Ball 1-0: Ground out 5-3 (Groundball, 56S, EV 80.0 MPH)
|
| Bottom of the 3rd over - 0 runs, 0 hits, 0 errors, 0 left on base; Winston-Salem 0 - Lynchburg 0 |
| TOP OF THE 4TH |
|
Winston-Salem Spirits batting - Pitching for Lynchburg Hillcats : RHP Duane Ware
|
|
Batting: RHB Craig Robinson
|
0-0: Ball 1-0: Ball 2-0: Called Strike 2-1: Ground out 6-3 (Groundball, 6MD, EV 80.6 MPH)
|
|
Batting: RHB Elijah Ben
|
0-0: Called Strike 0-1: Foul Ball, location: 2F 0-2: Foul Ball, location: 2F 0-2: Ball 1-2: Ball 2-2: SINGLE (Line Drive, 8LS, EV 91.3 MPH)
|
|
Batting: LHB Jerome Coleman
|
0-0: Ball Elijah Ben is caught stealing 2nd base 2-6 1-0: Ball 2-0: Called Strike 2-1: Swinging Strike 2-2: Ball 3-2: Base on Balls
|
|
Batting: RHB Greg Olson
|
0-0: Ball Jerome Coleman steals 2nd, throwing error, E2 Jerome Coleman to third 1-0: Foul Ball, location: 2F 1-1: Ground out 4-3 (Groundball, 4S, EV 85.6 MPH)
|
| Top of the 4th over - 0 runs, 1 hit, 1 error, 1 left on base; Winston-Salem 0 - Lynchburg 0 |
| BOTTOM OF THE 4TH |
|
Lynchburg Hillcats batting - Pitching for Winston-Salem Spirits : LHP Chuck Hensley
|
|
Batting: RHB Kenneth Tillman
|
0-0: Foul Ball, location: 2F 0-1: Fly out, F7 (Line Drive, 7, EV 94.4 MPH)
|
|
Batting: LHB Eb MacDonald
|
0-0: Foul Ball, location: 2F 0-1: Foul Ball, location: 2F 0-2: Ball 1-2: Ball 2-2: Strikes out swinging
|
|
Batting: RHB Frederic Wade
|
0-0: Ball 1-0: Swinging Strike 1-1: Ball 2-1: Ball 3-1: SINGLE (Groundball, 6MD, EV 93.8 MPH)
|
|
Batting: LHB Harold Warner
|
0-0: Ball 1-0: Called Strike 1-1: Foul Ball, location: 2F 1-2: Fielders Choice at 2nd, 6-4 (Groundball, 6, EV 106.3 MPH)
|
| Bottom of the 4th over - 0 runs, 1 hit, 0 errors, 1 left on base; Winston-Salem 0 - Lynchburg 0 |
| TOP OF THE 5TH |
|
Winston-Salem Spirits batting - Pitching for Lynchburg Hillcats : RHP Duane Ware
|
|
Batting: RHB Larry Reasonover
|
0-0: Ball 1-0: Ball 2-0: Swinging Strike 2-1: SINGLE (Flyball, 8RS, EV 92.5 MPH)
|
|
Batting: RHB James Poff
|
0-0: Ball 1-0: Ground out 6-3 (Groundball, P, EV 75.6 MPH) Larry Reasonover to second
|
|
Batting: RHB Ell Roberson
|
0-0: Called Strike 0-1: Ball 1-1: Called Strike 1-2: Foul Ball, location: 2F 1-2: Ball 2-2: Ground out 3-1 (Groundball, 34S, EV 83.8 MPH) Larry Reasonover to third
|
|
Batting: SHB Mark Wiesler
|
0-0: Ball 1-0: Called Strike 1-1: Ball 2-1: Swinging Strike 2-2: Fly out, F7 (Line Drive, 7, EV 88.1 MPH)
|
| Top of the 5th over - 0 runs, 1 hit, 0 errors, 1 left on base; Winston-Salem 0 - Lynchburg 0 |
| BOTTOM OF THE 5TH |
|
Lynchburg Hillcats batting - Pitching for Winston-Salem Spirits : LHP Chuck Hensley
|
|
Batting: RHB Felix Estrada
|
0-0: Called Strike 0-1: Swinging Strike 0-2: Ball 1-2: Ground out 6-3 (Groundball, 6, EV 91.9 MPH)
|
|
Batting: RHB Ronald Lee
|
0-0: Foul Ball, location: 2F 0-1: Fly out, F8 (Line Drive, 8LD, EV 100.0 MPH)
|
|
Batting: RHB Russ Quetti
|
0-0: SINGLE (Groundball, 56S, EV 73.1 MPH) (infield hit)
|
|
Batting: RHB William Lajoie
|
0-0: Called Strike 0-1: Ball 1-1: Ball 2-1: Ball 3-1: Foul Ball, location: 2F 3-2: Foul Ball, location: 2F 3-2: Base on Balls Russ Quetti to second
|
|
Batting: RHB Richard Witt
|
0-0: Ball 1-0: Fly out, F4 (Flyball, 34D, EV 89.4 MPH)
|
| Bottom of the 5th over - 0 runs, 1 hit, 0 errors, 2 left on base; Winston-Salem 0 - Lynchburg 0 |
| TOP OF THE 6TH |
|
Winston-Salem Spirits batting - Pitching for Lynchburg Hillcats : RHP Duane Ware
|
|
Batting: RHB Angelo Ross
|
0-0: Fly out, F6 (Line Drive, 6, EV 66.9 MPH)
|
|
Batting: RHB Craig Robinson
|
0-0: Ball 1-0: Foul Ball, location: 2F 1-1: Fly out, F9 (Flyball, 9LD, EV 88.1 MPH)
|
|
Batting: RHB Elijah Ben
|
0-0: Called Strike 0-1: Swinging Strike 0-2: Ball 1-2: Strikes out looking
|
| Top of the 6th over - 0 runs, 0 hits, 0 errors, 0 left on base; Winston-Salem 0 - Lynchburg 0 |
| BOTTOM OF THE 6TH |
|
Lynchburg Hillcats batting - Pitching for Winston-Salem Spirits : LHP Chuck Hensley
|
|
Batting: RHB Kenneth Tillman
|
0-0: Foul Ball, location: 2F 0-1: Ball 1-1: Ball 2-1: Ball 3-1: Foul Ball, location: 2F 3-2: Ground out 6-3 (Groundball, 56, EV 78.1 MPH)
|
|
Batting: LHB Eb MacDonald
|
0-0: Foul Ball, location: 2F 0-1: Called Strike 0-2: SINGLE (Line Drive, 89S, EV 86.3 MPH)
|
|
Batting: RHB Frederic Wade
|
0-0: Ball 1-0: Foul Ball, location: 2F 1-1: Swinging Strike 1-2: DOUBLE (Line Drive, 89D, EV 110.6 MPH) Eb MacDonald to third
|
|
Batting: LHB Harold Warner
|
0-0: Called Strike 0-1: Foul Ball, location: 2F 0-2: Foul Ball, location: 2F 0-2: SINGLE (Flyball, 7S, EV 93.1 MPH) Eb MacDonald scores Frederic Wade to third Runner from 3rd tries for Home, SAFE, throw by LF to home
|
|
Batting: RHB Felix Estrada
|
0-0: Ball 1-0: Swinging Strike 1-1: Foul Ball, location: 2F 1-2: Foul Ball, location: 2F 1-2: SINGLE (Line Drive, 4D, EV 96.9 MPH) Harold Warner to second
|
|
Batting: RHB Ronald Lee
|
0-0: Called Strike 0-1: Grounds into double play, 6-4-3 (Groundball, 6, EV 83.1 MPH)
|
| Bottom of the 6th over - 2 runs, 4 hits, 0 errors, 1 left on base; Winston-Salem 0 - Lynchburg 2 |
| TOP OF THE 7TH |
|
Winston-Salem Spirits batting - Pitching for Lynchburg Hillcats : RHP Duane Ware
|
|
Batting: LHB Jerome Coleman
|
0-0: Ball 1-0: Ball 2-0: Ball 3-0: Called Strike 3-1: Base on Balls
|
|
Batting: RHB Greg Olson
|
0-0: Ball 1-0: Fly out, F7 (Flyball, 7D, EV 105.0 MPH) Runner from 1st tags up, SAFE at 2nd
|
|
Batting: RHB Larry Reasonover
|
0-0: Fly out, F9 (Flyball, 89XD, EV 98.1 MPH) Runner from 2nd tags up, SAFE at 3rd, no throw by RF
|
|
Batting: RHB James Poff
|
0-0: Called Strike 0-1: Ball 1-1: Ball 2-1: Ball 3-1: SINGLE (Line Drive, 8RS, EV 105.0 MPH) Jerome Coleman scores
|
|
Batting: RHB Ell Roberson
|
0-0: Called Strike 0-1: Ball James Poff steals 2nd base 1-1: Ball 2-1: Foul Ball, location: 2F 2-2: Strikes out looking
|
| Top of the 7th over - 1 run, 1 hit, 0 errors, 1 left on base; Winston-Salem 1 - Lynchburg 2 |
| BOTTOM OF THE 7TH |
|
Lynchburg Hillcats batting - Pitching for Winston-Salem Spirits : LHP Chuck Hensley
|
|
Batting: RHB Russ Quetti
|
0-0: Ball 1-0: Ball 2-0: Ball 3-0: Foul Ball, location: 2F 3-1: DOUBLE (Flyball, 89D, EV 111.9 MPH)
|
|
Batting: RHB William Lajoie
|
0-0: Ball 1-0: Called Strike 1-1: Foul Ball, location: 2F 1-2: Ground out 1-3 (Groundball, 34S, EV 68.1 MPH) Russ Quetti to third
|
|
Batting: RHB Richard Witt
|
0-0: Intentional Walk
|
|
Batting: RHB Kenneth Tillman
|
0-0: Ground out 5-3 (Groundball, 5S, EV 86.3 MPH) Richard Witt to second
|
|
Batting: LHB Eb MacDonald
|
0-0: Ball 1-0: Foul Ball, location: 2F 1-1: Called Strike 1-2: Strikes out swinging
|
| Bottom of the 7th over - 0 runs, 1 hit, 0 errors, 2 left on base; Winston-Salem 1 - Lynchburg 2 |
| TOP OF THE 8TH |
|
Winston-Salem Spirits batting - Pitching for Lynchburg Hillcats : RHP Duane Ware
|
|
Batting: SHB Mark Wiesler
|
0-0: Ball 1-0: Ground out 4-3 (Groundball, 34D, EV 101.9 MPH)
|
|
Batting: RHB Angelo Ross
|
0-0: Ball 1-0: Fly out, F7 (Line Drive, 7, EV 93.1 MPH)
|
|
Batting: RHB Craig Robinson
|
0-0: Called Strike 0-1: Ball 1-1: Ball 2-1: Swinging Strike 2-2: SINGLE (Line Drive, 6M, EV 96.3 MPH)
|
|
Pinch Runner at 1st Ronald Harper:
|
|
|
Batting: RHB Elijah Ben
|
0-0: Called Strike 0-1: Ball 1-1: Called Strike 1-2: Ball 2-2: Foul Ball, location: 2F 2-2: Ball 3-2: Ground out 4-3 (Groundball, 4, EV 91.9 MPH)
|
| Top of the 8th over - 0 runs, 1 hit, 0 errors, 1 left on base; Winston-Salem 1 - Lynchburg 2 |
| BOTTOM OF THE 8TH |
|
Lynchburg Hillcats batting - Pitching for Winston-Salem Spirits : LHP Chuck Hensley
|
|
Now at 1B: Carl Gardner
|
|
|
Batting: RHB Frederic Wade
|
0-0: Ball 1-0: Called Strike 1-1: Foul Ball, location: 2F 1-2: Ball 2-2: Ball 3-2: Base on Balls
|
|
Pitching: LHP Michael Yesenchak
|
|
|
Batting: LHB Harold Warner
|
0-0: 2-RUN HOME RUN (Line Drive, 89XD, EV 104.4 MPH), Distance : 420 ft
|
|
Batting: RHB Felix Estrada
|
0-0: Ground out 5-3 (Groundball, 56, EV 83.8 MPH)
|
|
Batting: RHB Ronald Lee
|
0-0: Ball 1-0: Fly out, F6 (Popup, 6, EV 74.4 MPH)
|
|
Batting: RHB Russ Quetti
|
0-0: Swinging Strike 0-1: Ball 1-1: Ball 2-1: Called Strike 2-2: Ball 3-2: SINGLE (Line Drive, 78S, EV 93.8 MPH)
|
|
Batting: RHB William Lajoie
|
0-0: Fielders Choice at 2nd, 6-4 (Groundball, 6, EV 93.1 MPH)
|
| Bottom of the 8th over - 2 runs, 2 hits, 0 errors, 1 left on base; Winston-Salem 1 - Lynchburg 4 |
| TOP OF THE 9TH |
|
Winston-Salem Spirits batting - Pitching for Lynchburg Hillcats : RHP Duane Ware
|
|
Pitching: RHP Paul Steets
|
|
|
Batting: LHB Jerome Coleman
|
0-0: Called Strike
|
|
|
|
|
|
0-1: Swinging Strike 0-2: Fly out, F9 (Flyball, 9LS, EV 82.5 MPH)
|
|
Batting: RHB Greg Olson
|
0-0: Ball 1-0: Called Strike 1-1: Foul Ball, location: 2F 1-2: Strikes out looking
|
|
Batting: RHB Larry Reasonover
|
0-0: Swinging Strike 0-1: Ball 1-1: Ball 2-1: Foul Ball, location: 2F 2-2: Foul Ball, location: 2F 2-2: Strikes out swinging
|
| Top of the 9th over - 0 runs, 0 hits, 0 errors, 0 left on base; Winston-Salem 1 - Lynchburg 4 |
 |
|
Thursday, August 13th, 2020 - OOTP Baseball 21.5 Build 76
|
|